 Dungeon Crawl Stone Soup version 0.31-a0-222-gefeffbb62a (webtiles) character file.

Game seed: 9546453629415618800

33 qw the Shooter (level 3, -2/21 HPs)
             Began as a Gargoyle Hexslinger on July 5, 2023.
             Slain by a goblin
             ... wielding a +0 club
             ... led by Robin
              (4 damage)
             ... on level 2 of the Dungeon.
             The game lasted 00:00:23 (1046 turns).

qw the Shooter (Gargoyle Hexslinger)                Turns: 1046, Time: 00:00:24

Health: -2/21      AC:  9    Str: 11    XL:     3   Next: 29%
Magic:  4/4        EV: 10    Int: 13    God:
Gold:   62         SH:  0    Dex: 14    Spells: 3/4 levels left

rFire   . . .        Y - +2 sling
rCold   . . .        (no shield)
rNeg    + . .        f - +0 ring mail
rPois   inf          j - +0 helmet
rElec   +            (no cloak)
rCorr   .            (no gloves)
SInv    .            (no boots)
Will    .....        (no amulet)
Stlth   +            (no ring)
HPRegen 0.23/turn    (no ring)
MPRegen 0.09/turn

%: no passive effects
@: no status effects
A: sickness immunity, AC +3, negative energy resistance 1, electricity
resistance, torment resistance 1, petrification resistance
a: no special abilities


You were on level 2 of the Dungeon.
You visited 1 branch of the dungeon, and saw 2 of its levels.

You collected 62 gold pieces.


Innate Abilities, Weirdness & Mutations

You are immune to sickness and miasma.
Your stone body is resilient. (AC +3)
You are immune to poison.
You resist negative energy. (rN+)
You are resistant to electric shocks. (rElec)
You are resistant to unholy torment.
You are immune to petrification.


   Skills:
 - Level 2.0 Fighting
 + Level 3.0 Ranged Weapons
 - Level 1.0 Armour
 - Level 1.5 Dodging
 - Level 1.0 Spellcasting
 - Level 2.6 Hexes


You had 3 spell levels left.
You knew the following spells:

 Your Spells              Type           Power      Damage    Failure   Level
a - Slow                  Hex            28%        N/A       22%         1

Your spell library contained the following spells:

 Spells                   Type           Power      Damage    Failure   Level
 Inner Flame              Hex/Fire       4%         N/A       75%         3
 Portal Projectile        Hex/Tloc       8%         N/A       75%         3
 Cause Fear               Hex            3%         N/A       91%         4

Inventory:

Hand Weapons
 Y - a +2 sling (weapon)
Armour
 f - a +0 ring mail (worn)
 j - a +0 helmet (worn)
Potions
 d - a potion of curing

Dungeon Overview and Level Annotations

Branches:
Dungeon (2/15)

Altars:

Annotations:
D:2 Robin


Message History

The goblin hits you but does no damage.
A hobgoblin comes into view.
You shoot a sling bullet.
The sling bullet barely misses the goblin.
The hobgoblin shouts!
The goblin misses you. The goblin hits you but does no damage.
The hobgoblin barely misses you. The goblin completely misses you.
You shoot a sling bullet. The sling bullet hits the goblin.
The goblin is moderately wounded.
The goblin barely misses you. The goblin hits you but does no damage.
The hobgoblin barely misses you. The goblin barely misses you.
The goblin hits you but does no damage. The goblin closely misses you.
The hobgoblin misses you. The goblin barely misses you.
You shoot a sling bullet.
The sling bullet completely misses the goblin.
The goblin barely misses you. The goblin hits you but does no damage.
The hobgoblin misses you. The goblin hits you with a +0 club.
You shoot a sling bullet.
The sling bullet barely misses the goblin.
The goblin hits you but does no damage. x2; The goblin closely misses you.
The hobgoblin hits you. Robin throws the goblin at you!
The goblin barely misses you.
The goblin hits you but does no damage. x3
The hobgoblin closely misses you.
You shoot a sling bullet.
The sling bullet closely misses the goblin.
The goblin hits you but does no damage. The goblin barely misses you.
The goblin hits you with a +0 dagger. The goblin barely misses you.
The goblin hits you with a +0 club.
You shoot a sling bullet.
The sling bullet barely misses the goblin.
The goblin barely misses you. x2; The hobgoblin barely misses you.
The goblin hits you but does no damage. The goblin barely misses you. x2
You shoot a sling bullet. The sling bullet hits the goblin.
You kill the goblin!
The goblin hits you with a +0 club.
The goblin hits you but does no damage. x2
The goblin hits you with a +0 club. The hobgoblin barely misses you.
The hobgoblin closely misses you.
The hobgoblin hits you but does no damage. x2
The goblin hits you with a +0 club.
You die...

.........# ....>.....#
#..........##
............ ...........
.........%.# #
.........gg##.###.
........gg@g......
.........ggg...[..
........#........
..#..#...........
########....###....... .
............#.........
..#...................8.
#.#.......####..........
#.#......####...#...#..


You could see Robin, 3 hobgoblins and 4 goblins.

Vanquished Creatures
  A bat (D:1)
  An endoplasm (D:1)
  2 giant cockroaches
  7 goblins
  6 hobgoblins
  2 ball pythons
  4 frilled lizards
  4 kobolds
  2 rats (D:1)
29 creatures vanquished.

Notes
Turn   | Place    | Note
-------+----------+-------------------------------------------
     0 | D:1      | qw the Gargoyle Hexslinger began the quest for the Orb.
     0 | D:1      | Reached XP level 1. HP: 12/12 MP: 2/2
     0 | D:1      | 0 ||| qw: Version: 0.3-a-46-gb1f654a
     0 | D:1      | 0 ||| qw: Game counter: 1074
     0 | D:1      | 0 ||| qw: Melee chars always use a shield: true
     0 | D:1      | 0 ||| qw: God list: Okawaru
     0 | D:1      | 0 ||| qw: Allow faded altars: false
     0 | D:1      | 0 ||| qw: Do Orc after clearing Dungeon:15 true
     0 | D:1      | 0 ||| qw: Do second Lair branch before Depths: true
     0 | D:1      | 0 ||| qw: Lair rune preference: random
     0 | D:1      | 0 ||| qw: Goals: Normal
     0 | D:1      | 0 ||| PLANNING D:1-11
   235 | D:1      | Reached XP level 2. HP: 16/16 MP: 3/3
   357 | D:1      | Reached skill level 3 in Ranged Weapons
   485 | D:1      | HP: 4/16 [frilled lizard (2)]
   950 | D:1      | 950 ||| UPGRADING to +0 leather armour.
   960 | D:1      | 960 ||| DROPPING +0 robe.
   961 | D:1      | 961 ||| UPGRADING to +0 ring mail.
   971 | D:1      | 971 ||| DROPPING +0 leather armour.
   972 | D:1      | 972 ||| UPGRADING to +0 helmet.
   977 | D:1      | 977 ||| READING scroll labelled JUSEDO NYUMIF.
   978 | D:1      | 978 ||| READING scroll labelled QINLED PEMA.
   979 | D:1      | 979 ||| READING scroll labelled NUGEJA ZOHUESCH.
   980 | D:1      | 980 ||| DRINKING 2 emerald potions.
   981 | D:1      | 981 ||| DROPPING scroll of poison.
  1000 | D:2      | Reached XP level 3. HP: 21/21 MP: 4/4
  1037 | D:2      | Noticed Robin
  1039 | D:2      | Reached skill level 1 in Armour
  1046 | D:2      | HP: 5/21 [goblin/+0 club[Robin] (1)]
  1046 | D:2      | HP: 2/21 [goblin/+0 club[Robin] (3)]
  1046 | D:2      | Slain by a goblin

Levels and vault maps discovered:
D:1:      sevenhm_arrival_forest_fort_small_3, layout_loops_corners,
          chequers_serial_rivers_micro_d, minmay_octomino_e4
D:2:      layout_rooms, grunt_ministairs_2, uniq_robin

Skill      XL: |  1  2  3 |
---------------+----------+-----
Ranged Weapons | 3 |  3.0
Fighting       | 2 |  2.0
Armour         | 1 |  1.0
Dodging        | |  1.5
Spellcasting   | |  1.0
Hexes          | |  2.6

Action                     || total
---------------------------++-------
   Fire: Sling             ||   101
    Use: Scroll            ||     3
         Potion            ||     1
 Armour: Robe              ||    15
         Ring mail         ||    19
  Dodge: Dodged            ||    57

Table legend:
 A = Non-vault XP
 B = Vault XP
 C = Vault XP percentage of total XP
 D = Non-vault monster count
 E = Vault monster count
 F = Vault count percentage of total count
                 A         B        C        D         E       F
            +---------+---------+-------+---------+---------+-------
      Total |      32 |      18 |  36.0 |      20 |       9 |  31.0
            +---------+---------+-------+---------+---------+-------
        D:1 |      25 |       8 |  24.2 |      16 |       4 |  20.0
        D:2 |       7 |      10 |  58.8 |       4 |       5 |  55.6
            +---------+---------+-------+---------+---------+-------
